 Dungeon Crawl Stone Soup version 0.28.0-47-ge53b351184 (webtiles) character file.

Game seed: 3116474065700803408

393 seaoflcl the Slasher (level 7, -1/52 HPs)
             Began as a Human Fighter on May 2, 2022.
             Slain by Grinder (3 damage)
             ... on level 4 of the Dungeon.
             The game lasted 00:04:39 (3560 turns).

seaoflcl the Slasher (Human Fighter)                Turns: 3560, Time: 00:04:40

Health: -1/52      AC:  7    Str: 19    XL:     7   Next: 8%
Magic:  7/7        EV:  9    Int:  8    God:
Gold:   142        SH:  4    Dex: 12    Spells: 6/6 levels left

rFire   . . .      SeeInvis .   a - +0 long sword
rCold   . . .      Faith    .   c - +0 buckler
rNeg    . . .      Spirit   .   b - +0 scale mail
rPois   .          Reflect  .   (no helmet)
rElec   .          Harm     .   (no cloak)
rCorr   .          Rampage  .   (no gloves)
Will    .....                   h - +0 pair of boots
Stlth   ..........              (no amulet)
HPRegen 0.17/turn               (no ring)
MPRegen 0.10/turn               (no ring)

@: mighty
A: no striking features
a: no special abilities


You were on level 4 of the Dungeon.
You visited 1 branch of the dungeon, and saw 4 of its levels.

You collected 142 gold pieces.

Inventory:

Hand Weapons
 a - a +0 long sword (weapon)
 e - a +0 short sword
Armour
 b - a +0 scale mail (worn)
 c - a +0 buckler (worn)
 h - a +0 pair of boots (worn)
Wands
 p - a wand of acid (7)
Scrolls
 f - a scroll of noise {unknown}
 g - a scroll of magic mapping {unknown}
 i - 2 scrolls of teleportation {unknown}
 j - 2 scrolls of summoning {unknown}
 l - a scroll of silence {unknown}
 o - a scroll of fog {unknown}
 q - 2 scrolls of enchant armour {unknown}
Potions
 d - a potion of might
 k - a potion of resistance {unknown}
 m - 3 potions of heal wounds {unknown}
 n - 3 potions of curing {unknown}


   Skills:
 - Level 3.0 Fighting
 * Level 7.1 Long Blades
 - Level 3.0 Armour
 - Level 3.0 Shields


You had 6 spell levels left.
You didn't know any spells.
Your spell library contained the following spells:

 Spells                   Type           Power      Damage    Failure   Level
 Sublimation of Blood     Necr           0%         N/A       95%         2
 Wereblood                Tmut           0%         N/A       95%         2
 Summon Guardian Golem    Hex/Summ       0%         N/A       99%         3
 Conjure Ball Lightning   Conj/Air       0%         3x3d6     100%        6
 Orb of Destruction       Conj           0%         9d5       100%        7
 Spellforged Servitor     Conj/Summ      0%         N/A       100%        7
 Summon Hydra             Summ           0%         N/A       100%        7
 Discord                  Hex            0%         N/A       100%        8
 Disjunction              Tloc           0%         N/A       100%        8


Dungeon Overview and Level Annotations

Branches:
Dungeon (4/15)
 Temple: D:4-7

Altars:
Nemelex Xobeh

Annotations:
D:4 Grinder


Message History

Grinder hits you.
You writhe in agony.
Grinder hits you.
You writhe in agony.
The orc hits you with a +0 morningstar.
You can move again.
You closely miss Grinder.
Grinder blinks!
The dart slug launches a dart at you. The slug dart hits you.
The orc barely misses you.
An orc comes into view. It is wielding a +0 club.
An orc comes into view.
It is wielding a +1 short sword of venom.
The orc shouts!
You block the orc's attack.
You slash the orc!
You kill the orc!
You slash the dart slug!
The dart slug is almost dead.
Grinder blinks!
You slash the dart slug!
You kill the dart slug!
Grinder blinks!
The orc hits you but does no damage. The orc closely misses you.
The orc hits you with a +0 club. Grinder gestures at you.
Pain shoots through your body! The orc closely misses you. Grinder misses you.
You slash the orc!
You kill the orc!
You block the orc's attack. x2; Grinder barely misses you.
You slice the orc!!
You kill the orc!
The orc hits you but does no damage. Grinder hits you.
You writhe in agony.
* * * LOW HITPOINT WARNING * * *
You slash the orc!
You kill the orc!
Grinder says, "I used to sell toenails on the black market."
Grinder barely misses you.
You hit Grinder but do no damage. Grinder hits you!
* * * LOW HITPOINT WARNING * * *
You writhe in agony.
* * * LOW HITPOINT WARNING * * *
Grinder hits you.
You die...

≈# #≈## ##.≈.###...
#..≈.#....##
#..≈.......##. ##<#
#........#.. ####..#
#........#.. ##.....#
#..........
#...@.)###........###
###.5.)..............
#.##)...........(.
#####.†.......####.
#<.......†......
#)..##.##†....#.
##..#8.8#...###
#...........#
...#8.8#...##


You could see Grinder.

Vanquished Creatures
  Sigmund (D:3)
  A howler monkey (D:4)
  Jessica (D:2)
  An iguana (D:3)
  5 adders
  An adder skeleton (D:3)
  A worm (D:3)
  3 dart slugs
  11 orcs
  9 endoplasms
  3 giant cockroaches
  6 hobgoblins
  7 kobolds
  2 quokkas (D:3)
  8 ball pythons
  A ball python skeleton (D:3)
  9 bats
  6 frilled lizards
  4 goblins
  3 rats (D:1)
83 creatures vanquished.

Notes
Turn   | Place    | Note
-------+----------+-------------------------------------------
     0 | D:1      | seaoflcl the Human Fighter began the quest for the Orb.
     0 | D:1      | Reached XP level 1. HP: 18/18 MP: 1/1
   261 | D:1      | Reached XP level 2. HP: 24/24 MP: 2/2
   456 | D:1      | Reached skill level 3 in Long Blades
   524 | D:1      | Reached XP level 3. HP: 12/29 MP: 3/3
   779 | D:1      | Found a faded altar of an unknown god.
  1326 | D:2      | Reached skill level 4 in Long Blades
  1326 | D:2      | Reached XP level 4. HP: 24/35 MP: 4/4
  1630 | D:2      | Noticed Jessica
  1636 | D:2      | Killed Jessica
  1845 | D:2      | Found a sparkling altar of Nemelex Xobeh.
  2123 | D:3      | Reached XP level 5. HP: 40/41 MP: 5/5
  2387 | D:3      | Noticed Sigmund
  2406 | D:3      | Killed Sigmund
  2407 | D:3      | Reached skill level 6 in Long Blades
  2407 | D:3      | Reached XP level 6. HP: 30/47 MP: 6/6
  3365 | D:4      | Reached skill level 7 in Long Blades
  3365 | D:4      | Reached XP level 7. HP: 38/52 MP: 7/7
  3383 | D:4      | Noticed Grinder
  3544 | D:4      | Paralysed by Grinder for 3 turns
  3559 | D:4      | HP: 2/52 [Grinder (3)]
  3560 | D:4      | Slain by Grinder

Illustrated notes

Levels and vault maps discovered:
D:1:      sevenhm_arrival_forest_fort_large_4, layout_rooms,
          ebering_ecumenical_altar_box
D:2:      layout_basic, basic_altar, kennysheep_crisscross, uniq_jessica
D:3:      layout_basic, minmay_divided_ellipse, uniq_sigmund
D:4:      layout_cave_pools, minmay_temple_entry_junction_2, serial_rivers,
          chequers_serial_rivers_micro_e, chequers_serial_rivers_small_b,
          chequers_serial_rivers_room_b, chequers_serial_rivers_micro_a,
          chequers_serial_rivers_small_3, minivault_5,
          small_statue_intersection, st_stairs_7, minmay_misc_feat_five,
          nicolae_stop_n_shop_1, uniq_grinder

Skill      XL: |  1  2  3  4  5  6 |
---------------+-------------------+-----
Long Blades    | 3 4 6 7 |  7.1
Fighting       | |  3.0
Armour         | |  3.0
Shields        | |  3.0

Action                   |  1- 3 |  4- 6 |  7- 9 || total
-------------------------+-------+-------+-------++-------
Melee: Long sword        |   109 |   136 |    14 ||   259
  Use: Potion            |       |       |     1 ||     1
Armor: Scale mail        |    59 |    58 |     3 ||   120
Dodge: Dodged            |    45 |    63 |    10 ||   118
Block: Buckler           |    26 |    29 |     5 ||    60
